 Dungeon Sprint DCSS version 0.29-a0-338-g1ff7896281 (webtiles) character file.

Game seed: 2182846030672205842

8530 mhtbhm the Severer (level 11, -3/117 HPs)
             Began as a Gargoyle Fighter on Apr 17, 2022.
             Was the Champion of Trog.
             Slain by a vampire knight
             ... wielding a +0 great sword
              (10 damage)
             ... in the Dungeon (Sprint VII: "The Pits").
             The game lasted 00:04:05 (2313 turns).

mhtbhm the Severer (Gargoyle Fighter)               Turns: 2313, Time: 00:04:06

Health: -3/117     AC: 25    Str: 26      XL:     11   Next: 32%
Magic:  11/11      EV:  9    Int: 13      God:    Trog [******]
Gold:   0          SH: 11    Dex:  8 (9)  Spells: 10/10 levels left

rFire   . . .      SeeInvis .   a - +2 broad axe (flame)
rCold   . . .      Faith    .   c - +0 kite shield
rNeg    + . .      Spirit   .   b - +4 chain mail
rPois   ∞          Reflect  .   (no helmet)
rElec   +          Harm     .   (no cloak)
rCorr   .          Rampage  .   (no gloves)
Will    .....      NoTele   +   (no boots)
Stlth   ..........              (no amulet)
HPRegen 0.29/turn               d - +3 ring of intelligence
MPRegen 0.12/turn               o - +3 ring of strength

@: berserking, slowed
A: sickness immunity, AC +8, negative energy resistance 1, electricity
resistance, torment resistance 1, petrification resistance
a: Renounce Religion, Berserk, Trog's Hand, Brothers in Arms


You were in the Dungeon.
You worshipped Trog.
Trog was exalted by your worship.
You visited 1 branch

Inventory:

Hand Weapons
 a - a +2 broad axe of flaming (weapon)
 n - a +1 broad axe of freezing
Armour
 b - a +4 chain mail (worn)
 c - a +0 kite shield (worn)
Jewellery
 d - a +3 ring of intelligence (left hand)
 o - a +3 ring of strength (right hand)
Wands
 m - a wand of mindburst (15)
Scrolls
 l - a scroll of summoning
Potions
 e - 8 potions of curing
 f - 5 potions of heal wounds
 g - 3 potions of haste
 h - 4 potions of magic
 i - 5 potions of berserk rage
 k - 2 potions of invisibility
 p - 2 potions of resistance


   Skills:
 + Level 13.3 Fighting
 + Level 15.8 Axes
 + Level 14.3 Armour
 + Level 4.3 Dodging
 + Level 1.1 Stealth
 + Level 12.8 Shields


You had 10 spell levels left.
You didn't know any spells.
Your spell library was empty.

Dungeon Overview and Level Annotations

Branches:
Dungeon (1/1)

Altars:
Cheibriados
Dithmenos
Elyvilon
Fedhas
Gozag
Hepliaklqana
Makhleb
Nemelex Xobeh
Okawaru
Qazlal
Ru
Sif Muna
Trog
Vehumet
Wu Jian
Xom
Yredelemnul
Zin
The Shining One
Beogh
Jiyva
Lugonu


Innate Abilities, Weirdness & Mutations

You are immune to sickness and miasma.
Your stone body is resilient. (AC +8)
You are immune to poison.
You resist negative energy. (rN+)
You are resistant to electric shocks. (rElec)
You are resistant to unholy torment.
You are immune to petrification.


Message History

You hit the eidolon but do no damage.
The eidolon is lightly damaged.
You barely miss the guardian mummy. You hit the vampire knight.
You burn the vampire knight. You barely miss something.
The guardian mummy hits you but does no damage.
The eidolon misses you. The eidolon hits you! You block something's attack.
The vampire knight mumbles some strange words.
The vampire knight flickers and vanishes!
You barely miss the eidolon.
The eidolon is lightly damaged.
You slash the guardian mummy! You burn the guardian mummy!
You hit something but do no damage. You hit something. You burn something.
The guardian mummy hits you but does no damage.
Unknown command.
Unknown command.
You hit the eidolon. You burn the eidolon.
The eidolon is lightly damaged.
You slash the guardian mummy! You burn the guardian mummy.
You destroy the guardian mummy!
Trog accepts your kill.
You hit something. You burn something. You slash something! You burn something.
You feel extremely nervous for a moment...
Pain shoots through your body!
* * * LOW HITPOINT WARNING * * *
Something hits you.
* * * LOW HITPOINT WARNING * * *
Something completely misses you. The eidolon stares piercingly at you.
The bolt of negative energy hits you! You partially resist.
You feel drained.
* * * LOW HITPOINT WARNING * * *
The bolt of negative energy hits something.
You block something's attack.
Your life force feels restored.
Unknown command.
Unknown command.
You hit the eidolon but do no damage.
The eidolon is lightly damaged.
You slice something!! You burn something. You hit something but do no damage.
You block the eidolon's attack. x2; Something hits you!
You die...

###''######################
.##''################
.##..#......†.......#
.##..##.....)).......
.##..####...#'######.
.##..#..#####.##...#
.##..#....##...#...#
.##..'÷....#...#{{.#
###..')....'...'@).+
###..'÷....#...#W..#
[##..#....##...#...#
[##..#..#####.##...#
)##..####...#)######..
)##..##......))......#
)##..#.......)......##
#####################


You could see an eidolon.

Vanquished Creatures
  A death yak (D)
  A sea snake (D)
  A cyclops (D)
  An elephant (D)
  An orange demon (D)
  A rime drake (D)
  A kobold demonologist (D)
  An unseen horror (D)
  2 guardian mummies (D)
  2 freezing wraiths (D)
  5 blink frogs (D)
  7 dream sheep (D)
  A jumping spider (D)
  A ynoxinul (D)
  A chaos spawn (D)
  2 vampire mosquitoes (D)
  A redback (D)
  2 floating eyes (D)
  A gnoll sergeant (D)
  2 scorpions (D)
  A crimson imp (D)
  A hound (D)
  Ijyb (D)
  An iguana (D)
  A hell rat (D)
  A mummy (D)
  7 gnolls (D)
  A river rat (D)
  An ufetubus (D)
  A ball python (D)
  A bat (D)
  A bat skeleton (D)
  A giant cockroach (D)
  2 hobgoblins (D)
  6 jackals (D)
  A kobold (D)
  A quokka (D)
  A frilled lizard (D)
65 creatures vanquished.

Vanquished Creatures (collateral kills)
  A boulder beetle (D)
  A deep elf zephyrmancer (D)
  A gnoll sergeant (D)
  A hell rat (D)
  2 gnolls (D)
6 creatures vanquished.

Vanquished Creatures (others)
  A gnoll (D)
1 creature vanquished.

Grand Total: 72 creatures vanquished

Notes
Turn   | Place    | Note
-------+----------+-------------------------------------------
     0 | D        | mhtbhm the Gargoyle Fighter began the quest for the Orb.
     0 | D        | Reached XP level 1. HP: 14/14 MP: 1/1
    11 | D        | Noticed a floating eye
    13 | D        | Paralysed by a floating eye for 2 turns
    16 | D        | Killed a floating eye
    17 | D        | Reached skill level 3 in Axes
    17 | D        | Reached skill level 5 in Armour
    17 | D        | Reached XP level 2. HP: 22/22 MP: 2/2
    17 | D        | Reached XP level 3. HP: 27/27 MP: 3/3
    17 | D        | Reached XP level 4. HP: 32/32 MP: 4/4
    21 | D        | Found a bloodstained altar of Trog.
    21 | D        | Found a shimmering blue altar of Sif Muna.
    21 | D        | Found a viscous altar of Jiyva.
    21 | D        | Found a hazy altar of Hepliaklqana.
    21 | D        | Found an opulent altar of Gozag.
    22 | D        | Found a glowing golden altar of the Shining One.
    22 | D        | Found a glowing silver altar of Zin.
    22 | D        | Found a basalt altar of Yredelemnul.
    22 | D        | Found a shimmering altar of Xom.
    22 | D        | Found an ornate altar of the Wu Jian Council.
    22 | D        | Found a sacrificial altar of Ru.
    22 | D        | Found a stormy altar of Qazlal.
    22 | D        | Found an iron altar of Okawaru.
    22 | D        | Found a sparkling altar of Nemelex Xobeh.
    22 | D        | Found a burning altar of Makhleb.
    22 | D        | Found a blossoming altar of Fedhas.
    22 | D        | Found a white marble altar of Elyvilon.
    22 | D        | Found a shadowy altar of Dithmenos.
    22 | D        | Found a snail-covered altar of Cheibriados.
    24 | D        | Found a radiant altar of Vehumet.
    24 | D        | Found a corrupted altar of Lugonu.
    26 | D        | Became a worshipper of Trog the Wrathful
    63 | D        | Noticed a floating eye
    65 | D        | Paralysed by a floating eye for 4 turns
    70 | D        | Paralysed by a floating eye for 2 turns
    74 | D        | Killed a floating eye
    75 | D        | Reached skill level 4 in Axes
    75 | D        | Reached XP level 5. HP: 39/39 MP: 5/5
   188 | D        | Reached * piety under Trog
   213 | D        | Reached ** piety under Trog
   214 | D        | Reached skill level 5 in Axes
   214 | D        | Reached XP level 6. HP: 38/44 MP: 6/6
   226 | D        | Reached *** piety under Trog
   372 | D        | Reached skill level 6 in Axes
   372 | D        | Reached skill level 1 in Dodging
   375 | D        | Reached **** piety under Trog
   382 | D        | Reached ***** piety under Trog
   384 | D        | Reached XP level 7. HP: 23/50 MP: 7/7
   538 | D        | Reached skill level 7 in Axes
   545 | D        | Noticed a cyclops
   554 | D        | Killed a cyclops
   555 | D        | Reached skill level 9 in Axes
   555 | D        | Reached XP level 8. HP: 17/57 MP: 8/8
   783 | D        | Noticed Ijyb
   794 | D        | Killed Ijyb
   794 | D        | Received a gift from Trog
   806 | D        | Noticed an elephant
   826 | D        | Killed an elephant
   827 | D        | Reached skill level 10 in Fighting
   827 | D        | Reached skill level 1 in Stealth
   876 | D        | Killed an unseen horror
   877 | D        | Reached skill level 10 in Axes
   877 | D        | Reached skill level 10 in Armour
  1034 | D        | Noticed a blink frog
  1034 | D        | Noticed a blink frog
  1035 | D        | Noticed a blink frog
  1035 | D        | Noticed a blink frog
  1036 | D        | Noticed a blink frog
  1046 | D        | Killed a blink frog
  1046 | D        | Killed a blink frog
  1047 | D        | Reached skill level 11 in Axes
  1047 | D        | Reached skill level 10 in Shields
  1047 | D        | Reached XP level 9. HP: 43/63 MP: 9/9
  1057 | D        | Received a gift from Trog
  1070 | D        | Reached skill level 12 in Axes
  1236 | D        | Noticed a guardian mummy
  1245 | D        | Killed a guardian mummy
  1348 | D        | Noticed a death yak
  1363 | D        | Killed a death yak
  1364 | D        | Reached skill level 13 in Axes
  1364 | D        | Reached XP level 10. HP: 28/71 MP: 10/10
  1443 | D        | Noticed an orange demon
  1591 | D        | Killed an orange demon
  1601 | D        | Reached ****** piety under Trog
  1601 | D        | Received a gift from Trog
  1681 | D        | Reached skill level 14 in Axes
  1932 | D        | Noticed a sea snake
  1935 | D        | Identified the +4 war axe "Qefy" {flame, rF+ Dex+3 SInv}
                  | (Trog gifted it to you in the Dungeon)
  1935 | D        | Received a gift from Trog
  1939 | D        | Killed a sea snake
  1940 | D        | Reached skill level 15 in Axes
  1940 | D        | Reached XP level 11. HP: 43/77 MP: 11/11
  2103 | D        | Noticed a deep elf zephyrmancer
  2103 | D        | Noticed a boulder beetle
  2116 | D        | Identified the +10 rapier of the Forest {flame, Contam
                  | rElec rF+ rC+} (Trog gifted it to you in the Dungeon)
  2116 | D        | Received a gift from Trog
  2121 | D        | Killed a deep elf zephyrmancer
  2123 | D        | Killed a boulder beetle
  2243 | D        | Received a gift from Trog
  2304 | D        | Noticed a vampire knight
  2304 | D        | Noticed an eidolon
  2313 | D        | Slain by a vampire knight

Illustrated notes

Levels and vault maps discovered:
D:        pitsprint [storerooms_1, entrance_room_1, metal_vault_1, armoury_3,
          mini_pit_1, grid_room_1, main_hall_1, silver_pit, the_coven_1,
          the_vestibule_1, steel_vault_2, golden_pit, hallway_of_sentries,
          crystal_vault_5, iron_vault_2, final_vault]

Skill      XL: |  1  2  3  4  5  6  7  8  9 10 11 |
---------------+----------------------------------+-----
Fighting       | 6 7 8 9 10 11 12 13 | 13.3
Axes           | 3 4 5 6 9 11 13 15 | 15.8
Armour         | 5 7 8 9 10 12 13 14 | 14.3
Shields        | 6 7 8 10 11 12 | 12.8
Dodging        | 1 2 3 4 |  4.3
Stealth        | 1 |  1.1

Action                   |  1- 3 |  4- 6 |  7- 9 | 10-12 || total
-------------------------+-------+-------+-------+-------++-------
Melee: War axe           |     3 |       |       |       ||     3
       Hand axe          |       |    71 |    70 |       ||   141
       Broad axe         |       |       |    45 |    58 ||   103
Invok: Berserk           |       |     1 |     4 |     2 ||     7
       Brothers in Arms  |       |       |       |     1 ||     1
  Use: Potion            |       |       |     4 |     2 ||     6
       Scroll            |       |       |       |     1 ||     1
Armor: Scale mail        |       |    28 |       |       ||    28
       Plate armour      |       |    10 |    82 |       ||    92
       Chain mail        |       |       |    25 |    66 ||    91
Dodge: Dodged            |       |    25 |    12 |    31 ||    68
Block: Buckler           |       |    14 |       |       ||    14
       Kite shield       |       |       |    43 |    56 ||    99

Table legend: (Time is in decaauts)
 A = Elapsed time spent in this place.
 B = Non-inter-level travel time spent in this place.
 C = Inter-level travel time spent in this place.
 D = Time resting spent in this place.
 E = Time spent auto-exploring this place.
 F = Levels seen in this place.
 G = Mean time per level.
                   A        B        C        D        E       F      G
               +--------+--------+--------+--------+--------+-----+--------+
         Total |   2366 |   2366 |      0 |   1413 |     65 |   1 | 2366.0 |
       Dungeon |   2366 |   2366 |      0 |   1413 |     65 |   1 | 2366.0 |
               +--------+--------+--------+--------+--------+-----+--------+

Top non-repeatable levels by time:
       D: 2366 daAuts
